PIO
CLEVELAND (RK+) GUARDIANS @ OAKLAND (RK+) ATHLETICS
07/28/2108
 
TOP OF THE 1ST
Cleveland (Rk+) Guardians batting - Pitching for Oakland (Rk+) Athletics : RHP Richard Rosenzweig
Pitching: RHP Richard Rosenzweig
Batting: RHB Joe Sauer 0-0: Called Strike
0-1: Ball
1-1: Fly out, F7 (Flyball, 7D, EV 96.3 MPH)
Batting: RHB Justin Peterson 0-0: Ball
1-0: Ball
2-0: SINGLE (Line Drive, 34D, EV 96.9 MPH)
Batting: RHB Larry Seiger 0-0: Ball
1-0: Ball
2-0: Ball
3-0: Called Strike
3-1: Foul Ball, location: 9LMF
3-2: Foul Ball, location: 2F
3-2: Foul Ball, location: 2LF
3-2: Base on Balls
Justin Peterson to second
Batting: RHB Luke Untied 0-0: SINGLE (Line Drive, 9LS, EV 91.9 MPH)
Justin Peterson to third
Larry Seiger to second
Batting: RHB Ben Roller 0-0: Called Strike
0-1: Ball
1-1: Ball
2-1: Foul Ball, location: 7LMF
2-2: Fly out, F8 (Flyball, 8RXD, EV 98.8 MPH)
Runner from 3rd tags up, SCORES, no throw by CF
Larry Seiger to third
Batting: RHB Alex Velasquez 0-0: Fly out, F6 (Line Drive, 6M, EV 68.1 MPH)
Top of the 1st over - 1 run, 2 hits, 0 errors, 2 left on base; Cleveland (Rk+) 1 - Oakland (Rk+) 0
BOTTOM OF THE 1ST
Oakland (Rk+) Athletics batting - Pitching for Cleveland (Rk+) Guardians : RHP Dan Ford
Pitching: RHP Dan Ford
Batting: RHB Harry Oakes 0-0: Foul Ball, location: 2F
0-1: Called Strike
0-2: Ball
1-2: Ball
2-2: Strikes out looking
Batting: RHB Mario Perales 0-0: Ball
1-0: Ball
2-0: Fly out, F7 (Line Drive, 7S, EV 92.5 MPH)
Batting: RHB Erick Soto 0-0: Ball
1-0: Ball
2-0: Ball
3-0: Base on Balls
Batting: RHB Joe Harbin 0-0: Fly out, F8 (Flyball, 8LXD, EV 91.3 MPH)
Bottom of the 1st over - 0 runs, 0 hits, 0 errors, 1 left on base; Cleveland (Rk+) 1 - Oakland (Rk+) 0
TOP OF THE 2ND
Cleveland (Rk+) Guardians batting - Pitching for Oakland (Rk+) Athletics : RHP Richard Rosenzweig
Batting: LHB Dan Lantz 0-0: Fly out, F5 (Popup, 5SF, EV 77.5 MPH)
Batting: RHB Jonathan Kay 0-0: Ball
1-0: Fly out, F8 (Line Drive, 8RM, EV 90.0 MPH)
Batting: RHB Dan Ball 0-0: Ball
1-0: Foul Ball, location: 5F
1-1: Foul Ball, location: 2F
1-2: SINGLE (Line Drive, 7LS, EV 96.9 MPH)
Batting: RHB Joe Sauer 0-0: Ball
1-0: Ball
2-0: Ball
3-0: Base on Balls
Dan Ball to second
Batting: RHB Justin Peterson 0-0: DOUBLE (Flyball, 89XD, EV 94.4 MPH)
Dan Ball scores
Joe Sauer to third
Batting: RHB Larry Seiger 0-0: Ball
1-0: Ball
2-0: Ball
3-0: Called Strike
3-1: Swinging Strike
3-2: Ground out 6-3 (Groundball, 56, EV 105.0 MPH)
Top of the 2nd over - 1 run, 2 hits, 0 errors, 2 left on base; Cleveland (Rk+) 2 - Oakland (Rk+) 0
BOTTOM OF THE 2ND
Oakland (Rk+) Athletics batting - Pitching for Cleveland (Rk+) Guardians : RHP Dan Ford
Batting: SHB Kyle Russo 0-0: SINGLE (Line Drive, 8LS, EV 85.6 MPH)
Batting: RHB Jeff Sparks 0-0: Ball
1-0: Ball
2-0: DOUBLE (Line Drive, 78D, EV 107.5 MPH)
Kyle Russo to third
Batting: RHB Ted Shephard 0-0: DOUBLE (Flyball, 89XD, EV 98.8 MPH)
Kyle Russo scores
Jeff Sparks scores
Batting: RHB Cesar Castanon 0-0: Ball
1-0: Swinging Strike
1-1: Foul Ball, location: 25FF
1-2: Foul Ball, location: 9LMF
1-2: Ball
2-2: Strikes out swinging
Batting: RHB Jesse Carpenter 0-0: SINGLE (Line Drive, 7LS, EV 98.1 MPH)
Ted Shephard to third
Batting: RHB Harry Oakes 0-0: Ball
1-0: Called Strike
1-1: Ball
2-1: Grounds into double play, 4-6-3 (Groundball, 4, EV 78.8 MPH)
Bottom of the 2nd over - 2 runs, 4 hits, 0 errors, 1 left on base; Cleveland (Rk+) 2 - Oakland (Rk+) 2
TOP OF THE 3RD
Cleveland (Rk+) Guardians batting - Pitching for Oakland (Rk+) Athletics : RHP Richard Rosenzweig
Batting: RHB Luke Untied 0-0: Ball
1-0: Ball
2-0: Called Strike
2-1: Ball
3-1: Called Strike
3-2: Ground out 4-3 (Groundball, 34D, EV 110.6 MPH)
Batting: RHB Ben Roller 0-0: Swinging Strike
0-1: Swinging Strike
0-2: Ball
1-2: Ball
2-2: Ground out 4-3 (Groundball, 4, EV 94.4 MPH)
Batting: RHB Alex Velasquez 0-0: DOUBLE (Flyball, 89D, EV 98.8 MPH)
Batting: LHB Dan Lantz 0-0: Called Strike
0-1: Ball
1-1: Foul Ball, location: 3SF
1-2: Strikes out looking
Top of the 3rd over - 0 runs, 1 hit, 0 errors, 1 left on base; Cleveland (Rk+) 2 - Oakland (Rk+) 2
BOTTOM OF THE 3RD
Oakland (Rk+) Athletics batting - Pitching for Cleveland (Rk+) Guardians : RHP Dan Ford
Batting: RHB Mario Perales 0-0: Fly out, F8 (Flyball, 8LD, EV 105.0 MPH)
Batting: RHB Erick Soto 0-0: Swinging Strike
0-1: Foul Ball, location: 5F
0-2: Ball
1-2: Strikes out swinging
Batting: RHB Joe Harbin 0-0: Called Strike
0-1: Called Strike
0-2: Strikes out swinging
Bottom of the 3rd over - 0 runs, 0 hits, 0 errors, 0 left on base; Cleveland (Rk+) 2 - Oakland (Rk+) 2
TOP OF THE 4TH
Cleveland (Rk+) Guardians batting - Pitching for Oakland (Rk+) Athletics : RHP Richard Rosenzweig
Batting: RHB Jonathan Kay 0-0: Called Strike
0-1: Ball
1-1: Ball
2-1: Foul Ball, location: 2F
2-2: Ball
3-2: Foul Ball, location: 5DF
3-2: Ground out 5-3 (Groundball, 56, EV 102.5 MPH)
Batting: RHB Dan Ball 0-0: Foul Ball, location: 2F
0-1: Ball
1-1: Fly out, F8 (Flyball, 8RD, EV 98.8 MPH)
Batting: RHB Joe Sauer 0-0: Ball
1-0: Foul Ball, location: 9LDF
1-1: Ground out 5-3 (Groundball, 5S, EV 87.5 MPH)
Top of the 4th over - 0 runs, 0 hits, 0 errors, 0 left on base; Cleveland (Rk+) 2 - Oakland (Rk+) 2
BOTTOM OF THE 4TH
Oakland (Rk+) Athletics batting - Pitching for Cleveland (Rk+) Guardians : RHP Dan Ford
Batting: SHB Kyle Russo 0-0: Foul Ball, location: 2F
0-1: Ball
1-1: Called Strike
1-2: Strikes out swinging
Batting: RHB Jeff Sparks 0-0: Ball
1-0: Ball
2-0: Called Strike
2-1: Called Strike
2-2: Foul Ball, location: 3FF
2-2: Ground out 6-3 (Groundball, 56D, EV 100.0 MPH)
Batting: RHB Ted Shephard 0-0: Ball
1-0: Ball
2-0: Foul Ball, location: 2RF
2-1: Ball
3-1: Foul Ball, location: 5F
3-2: Foul Ball, location: 3FF
3-2: Strikes out swinging
Bottom of the 4th over - 0 runs, 0 hits, 0 errors, 0 left on base; Cleveland (Rk+) 2 - Oakland (Rk+) 2
TOP OF THE 5TH
Cleveland (Rk+) Guardians batting - Pitching for Oakland (Rk+) Athletics : RHP Richard Rosenzweig
Batting: RHB Justin Peterson 0-0: Ground out 5-3 (Groundball, 56S, EV 84.4 MPH)
Batting: RHB Larry Seiger 0-0: Called Strike
0-1: Ground out 6-3 (Groundball, 6, EV 101.3 MPH)
Batting: RHB Luke Untied 0-0: Called Strike
0-1: Called Strike
0-2: Foul Ball, location: 2F
0-2: Foul Ball, location: 9LMF
0-2: Strikes out swinging
Top of the 5th over - 0 runs, 0 hits, 0 errors, 0 left on base; Cleveland (Rk+) 2 - Oakland (Rk+) 2
BOTTOM OF THE 5TH
Oakland (Rk+) Athletics batting - Pitching for Cleveland (Rk+) Guardians : RHP Dan Ford
Batting: RHB Cesar Castanon 0-0: Ball
1-0: Swinging Strike
1-1: Ground out 6-3 (Groundball, 6, EV 82.5 MPH)
Batting: RHB Jesse Carpenter 0-0: Foul Ball, location: 2F
0-1: Ball
1-1: Foul Ball, location: 5FF
1-2: Ground out 5-3 (Groundball, 25, EV 83.1 MPH)
Batting: RHB Harry Oakes 0-0: Ball
1-0: Ground out 6-3 (Groundball, 6S, EV 87.5 MPH)
Bottom of the 5th over - 0 runs, 0 hits, 0 errors, 0 left on base; Cleveland (Rk+) 2 - Oakland (Rk+) 2
TOP OF THE 6TH
Cleveland (Rk+) Guardians batting - Pitching for Oakland (Rk+) Athletics : RHP Richard Rosenzweig
Batting: RHB Ben Roller 0-0: Called Strike
0-1: Ball
1-1: Ball
2-1: Ball
3-1: Foul Ball, location: 2F
3-2: Foul Ball, location: 2F
3-2: Foul Ball, location: 2F
3-2: Strikes out looking
Pitching: RHP Jake Duba
Batting: RHB Alex Velasquez 0-0: Ball
1-0: Ball
2-0: Ball
3-0: Base on Balls
Batting: LHB Dan Lantz 0-0: 2-RUN HOME RUN (Flyball, 9D, EV 96.9 MPH), Distance : 383 ft
Batting: RHB Jonathan Kay 0-0: Ball
1-0: Called Strike
1-1: Called Strike
1-2: SOLO HOME RUN (Flyball, 78XD, EV 106.9 MPH), Distance : 433 ft
Pitching: RHP Bob Lujan
Batting: RHB Dan Ball 0-0: Ball
1-0: Ball
2-0: Called Strike
2-1: Called Strike
2-2: Ball
3-2: Foul Ball, location: 3F
3-2: Foul Ball, location: 9LSF
3-2: Ground out 6-3 (Groundball, 6, EV 78.8 MPH)
Batting: RHB Joe Sauer 0-0: Called Strike
0-1: DOUBLE (Groundball, 5L, EV 102.5 MPH)
Batting: RHB Justin Peterson 0-0: Ball
1-0: Ground out U3 (Groundball, 3S, EV 89.4 MPH)
Top of the 6th over - 3 runs, 3 hits, 0 errors, 1 left on base; Cleveland (Rk+) 5 - Oakland (Rk+) 2
BOTTOM OF THE 6TH
Oakland (Rk+) Athletics batting - Pitching for Cleveland (Rk+) Guardians : RHP Dan Ford
Batting: RHB Mario Perales 0-0: Ground out 1-3 (Groundball, 15S, EV 70.0 MPH)
Batting: RHB Erick Soto 0-0: Ball
1-0: Ball
2-0: SINGLE (Line Drive, 34D, EV 96.3 MPH)
Batting: RHB Joe Harbin 0-0: Ball
1-0: Called Strike
1-1: Ball
2-1: Ball
3-1: Swinging Strike
3-2: Fly out, F8 (Flyball, 78M, EV 97.5 MPH)
Batting: SHB Kyle Russo 0-0: Called Strike
0-1: Reached on error, E5 (Groundball, 5, EV 101.9 MPH)
Erick Soto to second
Batting: RHB Jeff Sparks 0-0: Called Strike
0-1: Ball
1-1: Ball
2-1: Ball
3-1: Base on Balls
Erick Soto to third
Kyle Russo to second
Batting: RHB Ted Shephard 0-0: Ball
1-0: Ball
2-0: Ball
3-0: Called Strike
3-1: Base on Balls
Erick Soto scores
Kyle Russo to third
Jeff Sparks to second
Pitching: LHP Cory Johnson
Batting: RHB Cesar Castanon 0-0: Ground out 6-3 (Groundball, 6MS, EV 90.0 MPH)
Bottom of the 6th over - 1 run, 1 hit, 1 error, 3 left on base; Cleveland (Rk+) 5 - Oakland (Rk+) 3
TOP OF THE 7TH
Cleveland (Rk+) Guardians batting - Pitching for Oakland (Rk+) Athletics : RHP Bob Lujan
Batting: RHB Larry Seiger 0-0: Swinging Strike
0-1: Foul Ball, location: 2RF
0-2: Ball
1-2: Ball
2-2: Foul Ball, location: 2F
2-2: Strikes out swinging
Batting: RHB Luke Untied 0-0: Foul Ball, location: 3FF
0-1: Called Strike
0-2: Ball
1-2: Strikes out swinging
Batting: RHB Ben Roller 0-0: Ball
1-0: Ball
2-0: Called Strike
2-1: Foul Ball, location: 3F
2-2: Strikes out looking
Top of the 7th over - 0 runs, 0 hits, 0 errors, 0 left on base; Cleveland (Rk+) 5 - Oakland (Rk+) 3
BOTTOM OF THE 7TH
Oakland (Rk+) Athletics batting - Pitching for Cleveland (Rk+) Guardians : LHP Cory Johnson
Batting: RHB Jesse Carpenter 0-0: Ball
1-0: Ball
2-0: Called Strike
2-1: Fly out, F8 (Flyball, 8LD, EV 91.3 MPH)
Batting: RHB Harry Oakes 0-0: Ball
1-0: Called Strike
1-1: Ball
2-1: Fly out, F9 (Flyball, 9, EV 88.1 MPH)
Batting: RHB Mario Perales 0-0: Swinging Strike
0-1: Ball
1-1: Fly out, F6 (Popup, 6MD, EV 43.1 MPH)
Bottom of the 7th over - 0 runs, 0 hits, 0 errors, 0 left on base; Cleveland (Rk+) 5 - Oakland (Rk+) 3
TOP OF THE 8TH
Cleveland (Rk+) Guardians batting - Pitching for Oakland (Rk+) Athletics : RHP Bob Lujan
Batting: RHB Alex Velasquez 0-0: Ball
1-0: Swinging Strike
1-1: DOUBLE (Flyball, 8RD, EV 91.3 MPH)
Batting: LHB Dan Lantz 0-0: Ball
1-0: Ball
2-0: Called Strike
2-1: Ball
3-1: Base on Balls
Batting: RHB Jonathan Kay 0-0: Grounds into double play, 5-4-3 (Groundball, 56S, EV 87.5 MPH)
Alex Velasquez to third
Batting: RHB Dan Ball 0-0: Ground out 6-3 (Groundball, 56, EV 103.8 MPH)
Top of the 8th over - 0 runs, 1 hit, 0 errors, 1 left on base; Cleveland (Rk+) 5 - Oakland (Rk+) 3
BOTTOM OF THE 8TH
Oakland (Rk+) Athletics batting - Pitching for Cleveland (Rk+) Guardians : LHP Cory Johnson
Pitching: LHP Devin Cain
Batting: RHB Erick Soto 0-0: Ball
1-0: Called Strike
1-1: Foul Ball, location: 2LF
1-2: Strikes out swinging
Batting: RHB Joe Harbin 0-0: Called Strike
0-1: Ball
1-1: Called Strike
1-2: Ball
2-2: Strikes out swinging
Batting: SHB Kyle Russo 0-0: Called Strike
0-1: Ball
1-1: Swinging Strike
1-2: Ground out 3-1 (Groundball, 34, EV 92.5 MPH)
Bottom of the 8th over - 0 runs, 0 hits, 0 errors, 0 left on base; Cleveland (Rk+) 5 - Oakland (Rk+) 3
TOP OF THE 9TH
Cleveland (Rk+) Guardians batting - Pitching for Oakland (Rk+) Athletics : RHP Bob Lujan
Pitching: RHP Alex Montalvo
Batting: RHB Joe Sauer 0-0: Ball
1-0: Foul Ball, location: 3F
1-1: Ball
2-1: Foul Ball, location: 2F
2-2: Strikes out swinging
Batting: RHB Justin Peterson 0-0: SINGLE (Line Drive, 56, EV 94.4 MPH)
Batting: RHB Larry Seiger 0-0: Ball
1-0: Swinging Strike
1-1: Ball
2-1: Ball
3-1: Called Strike
3-2: Base on Balls
Justin Peterson to second
Batting: RHB Luke Untied 0-0: Ball
1-0: Called Strike
1-1: Fly out, F8 (Flyball, 8LD, EV 105.6 MPH)
Batting: RHB Ben Roller 0-0: Ball
1-0: Ball
2-0: Foul Ball, location: 9LDF
2-1: Ball
3-1: Base on Balls
Justin Peterson to third
Larry Seiger to second
Batting: RHB Alex Velasquez 0-0: Ball
1-0: Ball
2-0: Reached on error, E6 (Groundball, 6, EV 78.1 MPH)
Justin Peterson scores
Larry Seiger to third
Ben Roller to second
Batting: LHB Dan Lantz 0-0: Ball
1-0: Called Strike
1-1: Ground out 6-3 (Groundball, 6M, EV 83.8 MPH)
Top of the 9th over - 1 run, 1 hit, 1 error, 3 left on base; Cleveland (Rk+) 6 - Oakland (Rk+) 3
BOTTOM OF THE 9TH
Oakland (Rk+) Athletics batting - Pitching for Cleveland (Rk+) Guardians : LHP Devin Cain
Batting: RHB Jeff Sparks 0-0: Ball
1-0: Called Strike
1-1: Ground out 4-3 (Groundball, 34, EV 102.5 MPH)
Batting: RHB Ted Shephard 0-0: Fly out, F9 (Line Drive, 9, EV 105.0 MPH)
Pinch Hitting: RHB Jose Rosa 0-0: Ball
1-0: Ball
2-0: Ball
3-0: Called Strike
3-1: Swinging Strike
3-2: Foul Ball, location: 3SF
3-2: Foul Ball, location: 23F
3-2: Ground out 5-3 (Groundball, 56S, EV 83.8 MPH)
Bottom of the 9th over - 0 runs, 0 hits, 0 errors, 0 left on base; Cleveland (Rk+) 6 - Oakland (Rk+) 3
Monday, March 24th , 2025 - OOTP Baseball 25.11 Build 104